 Dungeon Crawl Stone Soup version 0.21-a0-444-g29a2fec (webtiles) character file.

93 theanonym the Chopper (level 4, -2/41 HPs)
             Began as a Hill Orc Fighter on Nov 17, 2017.
             Slain by a river rat (4 damage)
             ... on level 3 of the Dungeon.
             The game lasted 00:02:34 (1750 turns).

theanonym the Chopper (Hill Orc Fighter)            Turns: 1750, Time: 00:02:34

Health: -2/41      AC:  6    Str: 21 (24) XL:     4   Next: 62%
Magic:  4/4        EV:  7    Int:  5 (8)  God:
Gold:   54         SH:  9    Dex:  9 (10) Spells: 3/3 levels left

rFire    . . .     SeeInvis .   a - +0 war axe
rCold    . . .     Gourm    +   c - +0 shield
rNeg     . . .     Faith    .   b - +0 scale mail
rPois    .         Spirit   .   (no helmet)
rElec    .         Reflect  .   (no cloak)
rCorr    .         Harm     .   (no gloves)
MR       +....                  (no boots)
Stlth    ..........             e - amulet of the gourmand {Gourm}
HPRegen  0.13/turn              g - ring of protection from magic {MR+}
MPRegen  0.09/turn              i - ring of wizardry {Wiz+}

@: mighty
A: no striking features
a: no special abilities


   Skills:
 + Level 4.6 Fighting
 * Level 5.3 Axes
 - Level 3.2 Armour
 - Level 3.2 Shields


You had 3 spell levels left.
You didn't know any spells.

Skill      XL: |  1  2  3  4 |
---------------+-------------+-----
Axes           | 3 4 5 |  5.3
Fighting       | 4 |  4.6
Armour         | |  3.2
Shields        | |  3.2

Action                   |  1- 3 |  4- 6 || total
-------------------------+-------+-------++-------
Melee: War axe           |   136 |    63 ||   199
  Use: Scroll            |     2 |     2 ||     4
       Potion            |       |     2 ||     2
  Eat: Chunk             |       |     5 ||     5
Armor: Scale mail        |    84 |    23 ||   107
Dodge: Dodged            |    48 |    21 ||    69
Block: Shield            |    91 |    23 ||   114

Inventory:

Hand Weapons
 a - a +0 war axe (weapon)
Missiles
 o - 4 tomahawks of returning (quivered)
Armour
 b - a +0 scale mail (worn)
 c - a +0 shield (worn)
 s - a +1 pair of gloves
   (You found it on level 2 of the Dungeon)
Jewellery
 e - an amulet of the gourmand (around neck) {Gourm}
   (You found it on level 1 of the Dungeon)
 g - a ring of protection from magic (left hand) {MR+}
   (You found it on level 2 of the Dungeon)
 i - a ring of wizardry (right hand) {Wiz+}
   (You found it on level 3 of the Dungeon)
Wands
 k - a wand of paralysis (16/24)
   (You found it on level 2 of the Dungeon)
Scrolls
 r - 2 scrolls of identify
 t - a scroll of teleportation {!r}
Potions
 h - a potion of berserk rage {unknown}
 j - a potion of degeneration
 m - a potion of ambrosia {unknown}
 n - a potion of cancellation {unknown}
 q - a potion of curing {unknown}
 u - a potion of haste {unknown}
Comestibles
 f - a bread ration
 l - 8 fruits
 p - a meat ration

Dungeon Overview and Level Annotations

Branches:
Dungeon (3/15)

Altars:

Portals:
Sewer: D:3


You were on level 3 of the Dungeon.
You were not hungry.

You visited 1 branch of the dungeon, and saw 3 of its levels.

You collected 54 gold pieces.


Message History

You hit the ball python. You block the ball python's attack.
The ball python constricts you.
A goblin comes into view.
You escape the ball python's grasp.
The goblin shouts!
A ball python comes into view.
You hear the rusting of a drain.
The river rat twitches its whiskers.
You closely miss the ball python.
The ball python hisses angrily.
The ball python barely misses you. The ball python grabs you.
The ball python constricts you.
You hit the ball python but do no damage.
You block the ball python's attack. The ball python constricts you.
The ball python bites you but does no damage.
The ball python constricts you.
You hit the ball python.
You kill the ball python!
You block the goblin's attack.
You slash the goblin!
You kill the goblin!
The ball python bites you but does no damage.
The ball python grabs you. The ball python constricts you.
You slash the ball python!
You kill the ball python!
You closely miss the hobgoblin. You block the hobgoblin's attack.
You slash the hobgoblin!
You kill the hobgoblin!
The river rat bites you but does no damage.
You closely miss the river rat.
The river rat twitches its whiskers.
The river rat completely misses you.
You closely miss the river rat. The river rat closely misses you.
Your shield and scale mail prevent you from hitting the river rat.
You block the river rat's attack. The river rat barely misses you.
Your shield prevents you from hitting the river rat.
You block the river rat's attack.
You closely miss the river rat. The river rat bites you.
You take 1 damage, and have 38/41 hp.
You closely miss the river rat. The river rat bites you.
You take 3 damage, and have 35/41 hp.
You closely miss the river rat.
The river rat bites you but does no damage.
The river rat barely misses you.
You closely miss the river rat. The river rat bites you.
You take 5 damage, and have 30/41 hp.
You closely miss the river rat. The river rat bites you.
You take 6 damage, and have 24/41 hp.
You are too injured to fight recklessly!
You are too injured to fight recklessly!
You are too injured to fight recklessly!
You are too injured to fight recklessly!
You are too injured to fight recklessly!
You hit the river rat but do no damage. The river rat closely misses you.
You block the river rat's attack.
You hit the river rat. The river rat barely misses you.
You closely miss the river rat. The river rat barely misses you.
Your shield and scale mail prevent you from hitting the river rat.
The river rat bites you!
* * * LOW HITPOINT WARNING * * *
The river rat bites you.
* * * LOW HITPOINT WARNING * * *
You take 9 damage, and have 15/41 hp.
MASSIVE DAMAGE!!
You barely miss the river rat. The river rat bites you.
* * * LOW HITPOINT WARNING * * *
You hit the river rat but do no damage. The river rat bites you.
* * * LOW HITPOINT WARNING * * *
You take 3 damage, and have 12/41 hp.
Your shield and scale mail prevent you from hitting the river rat.
You block the river rat's attack.
You barely miss the river rat.
The river rat twitches its whiskers.
The river rat bites you.
* * * LOW HITPOINT WARNING * * *
The river rat closely misses you.
You take 1 damage, and have 11/41 hp.
You barely miss the river rat. The river rat barely misses you.
You hit the river rat. You block the river rat's attack.
The river rat bites you.
* * * LOW HITPOINT WARNING * * *
You closely miss the river rat. You block the river rat's attack.
You take 1 damage, and have 10/41 hp.
Unknown command.
Unknown command.
It was a potion of degeneration.
There was something very wrong with that liquid.
You feel weakened.
You feel dopey.
You feel clumsy. The river rat bites you.
* * * LOW HITPOINT WARNING * * *
You take 4 damage, and have 6/41 hp.
You feel very mighty all of a sudden. You block the river rat's attack.
You barely miss the river rat.
The river rat bites you but does no damage.
You closely miss the river rat.
The river rat bites you but does no damage.
You closely miss the river rat. The river rat bites you.
* * * LOW HITPOINT WARNING * * *
The river rat bites you.
You die...

#(# #.#
#.#.#.##.
#.# #.#
#.....##.
#.# #.#
###.#.##.
#.# #.#
#.#.##<
#.# #.#
#.#....
#.# #.####
####.# #.#
..#.# ...
#.#@# ###
#.#r#
#.wS#
#≈∩Sw#...#
#≈≈≈≈'.#.#
#≈≈≈≈#.#.#
######...#
....#
.....


You could see a worm, a river rat and a ball python.

Notes
Turn   | Place    | Note
-------+----------+-------------------------------------------
     0 | D:1      | theanonym the Hill Orc Fighter began the quest for the Orb.
     0 | D:1      | Reached XP level 1. HP: 19/19 MP: 1/1
    38 | D:1      | Reached skill level 3 in Axes
    41 | D:1      | Reached XP level 2. HP: 24/27 MP: 2/2
    78 | D:1      | Reached skill level 4 in Fighting
   264 | D:1      | Reached skill level 4 in Axes
   308 | D:1      | Reached XP level 3. HP: 26/33 MP: 3/3
  1045 | D:2      | Reached XP level 4. HP: 29/41 MP: 4/4
  1218 | D:2      | Reached skill level 5 in Axes
  1494 | D:3      | HP: 20/41 [worm (7)]
  1715 | D:3      | Found a glowing drain.
  1738 | D:3      | HP: 16/41 [river rat (8)]
  1744 | D:3      | HP: 9/41 [river rat (2)]
  1750 | D:3      | HP: 2/41 [river rat (4)]
  1750 | D:3      | Slain by a river rat

Vanquished Creatures
  4 adders
  2 oozes (D:1)
  A worm (D:3)
  2 dart slugs (D:2)
  2 leopard geckos
  4 ball pythons
  4 bats
  4 goblins
  3 hobgoblins
  4 jackals (D:1)
  5 kobolds
  2 frilled lizards (D:1)
  2 rats
39 creatures vanquished.
